 Dungeon Crawl Stone Soup version 0.21.1-1-g345015fe64 (webtiles) character file.

1240 Brecoman the Cleaver (level 8, -2/58 HPs)
             Began as a Formicid Fighter on June 22, 2018.
             Was a Believer of Okawaru.
             Incinerated by the fiery rage of Trog (8 damage)
             ... on level 6 of the Dungeon.
             The game lasted 00:22:21 (5858 turns).

Brecoman the Cleaver (Formicid Fighter)             Turns: 5858, Time: 00:22:22

Health: -2/58      AC: 11    Str: 22    XL:     8   Next: 78%
Magic:  8/8        EV:  8    Int:  9    God:    Okawaru [**....]
Gold:   222        SH:  9    Dex: 10    Spells: 7/7 levels left

rFire    . . .     SeeInvis +   a - +0 war axe
rCold    . . .     Gourm    .   c - +0 shield
rNeg     . . .     Faith    .   b - +1 scale mail
rPois    .         Spirit   .   (helmet unavailable)
rElec    .         Reflect  .   (no cloak)
rCorr    .         Harm     .   (no gloves)
MR       .....                  g - +2 pair of boots
Stlth    ..........             (no amulet)
HPRegen  0.19/turn              (no ring)
MPRegen  0.11/turn              (no ring)

@: lethally poisoned (-2 -> -4), liquid flames, glowing
A: permanent stasis, dig shafts and tunnels, four strong arms, antennae 3
a: Dig, Shaft Self, Heroism, Renounce Religion


You were on level 6 of the Dungeon.
You worshipped Okawaru.
Okawaru was pleased with you.
You were hungry.

You visited 1 branch of the dungeon, and saw 7 of its levels.
You also visited: Ossuary.

You collected 222 gold pieces.

Inventory:

Hand Weapons
 a - a +0 war axe (weapon)
Missiles
 n - 101 stones (quivered)
 x - a throwing net
Armour
 b - a +1 scale mail (worn)
 c - a +0 shield (worn)
 g - a +2 pair of boots (worn)
Jewellery
 e - an uncursed ring of loudness
 r - an uncursed ring of fire
Wands
 q - a wand of paralysis (15)
 s - a wand of random effects (16)
Scrolls
 k - 5 scrolls of identify
 m - a scroll of blinking
 v - a scroll of immolation {unknown}
 w - a scroll of amnesia {unknown}
 y - a scroll of fog {unknown}
 z - a scroll of teleportation {unknown}
 A - a scroll of remove curse
Potions
 d - 2 potions of might
 h - a potion of magic
 i - 3 potions of haste {unknown}
 j - 4 potions of heal wounds {unknown}
 l - 2 potions of berserk rage
 o - a potion of resistance {unknown}
 p - 2 potions of flight {unknown}
 t - 6 potions of curing {unknown}
 u - a potion of agility {unknown}
Comestibles
 f - 12 rations


   Skills:
 - Level 3.2 Fighting
 + Level 10.1 Axes
 - Level 3.2 Armour
 - Level 3.6 Shields


You had 7 spell levels left.
You didn't know any spells.

Dungeon Overview and Level Annotations

Branches:
Dungeon (7/15)             Temple (0/1) D:5

Altars:
Fedhas
Hepliaklqana
Kikubaaqudgha
Okawaru
Sif Muna
Trog
Wu Jian
Zin

Annotations:
D:3 Brecoman's ghost, amateur FoAK
D:7 Gargoyl's ghost, novice CeAK


Innate Abilities, Weirdness & Mutations

You cannot be hasted, slowed, berserked, paralysed or teleported.
You can dig through walls and to a lower floor.
Your four strong arms can wield two-handed weapons with a shield.
You have a pair of large antennae on your head. (SInv)


Message History

The killer bee is heavily wounded.
You feel sick. The killer bee closely misses you.
You block the killer bee's attack.
You slash the killer bee!
You kill the killer bee!
Okawaru accepts your kill.
You feel sick.
You see here a killer bee corpse.
You start resting.
You feel sick. x2
You feel Trog's fiery rage upon you!
You are covered in liquid flames!
You are covered in liquid flames!
You are on fire!
You are on fire!
You are on fire!
You are covered in liquid flames!
* * * LOW HITPOINT WARNING * * *
You are covered in liquid flames!
You die...

###.......#......#
..........#.#.##.#
..........#[)....#
......###.[))).#.#######
#############..#.......#
#.....#.#.#####.#
#.###.#...# #.#
########.# #.#...# #.#
.......#.# #.#..@# #.#
######.#.# #...†.#####.#
.........######†>......#
######......# ##########
#....####.# #.##.# #.#
#.##.# #.# ###.##.# #.#
....##.# #.#


There were no monsters in sight!

Vanquished Creatures
  A sky beast (D:6)
  A phantom (D:6)
  A gnoll sergeant (D:6)
  A scorpion (D:5)
  A water moccasin skeleton (D:4)
  3 killer bees (D:6)
  A bullfrog zombie (D:5)
  A bullfrog skeleton (D:5)
  2 hounds
  An orc priest (D:6)
  3 orc wizards
  2 worker ants
  9 big kobold zombies (Ossuary)
  A mummy (Ossuary)
  5 gnolls
  11 adders
  An ooze (D:1)
  An adder zombie (D:5)
  An adder skeleton (D:4)
  3 worms
  2 dart slugs
  4 leopard geckos
  12 orcs
  5 spectral bats (Ossuary)
  9 bats
  5 giant cockroaches
  A gnoll zombie (Ossuary)
  9 goblins
  7 hobgoblins
  3 jackals (D:5)
  2 quokkas
  5 ball pythons
  2 bat simulacra (Ossuary)
  5 frilled lizards
  6 goblin simulacra (Ossuary)
  2 goblin zombies (Ossuary)
  5 hobgoblin zombies (Ossuary)
  2 jackal skeletons
  9 kobolds
  6 kobold zombies (Ossuary)
  5 orc zombies (Ossuary)
  10 rats
  A rat simulacrum (Ossuary)
  2 spectral goblins (Ossuary)
  3 spectral kobolds (Ossuary)
  3 spectral rats (Ossuary)
175 creatures vanquished.

Notes
Turn   | Place    | Note
-------+----------+-------------------------------------------
     0 | D:1      | Brecoman the Formicid Fighter began the quest for the Orb.
     0 | D:1      | Reached XP level 1. HP: 18/18 MP: 1/1
   119 | D:1      | Reached XP level 2. HP: 21/24 MP: 2/2
   132 | D:1      | Reached skill level 3 in Axes
   275 | D:1      | Reached XP level 3. HP: 28/29 MP: 3/3
  1005 | D:2      | Reached skill level 4 in Axes
  1005 | D:2      | Reached XP level 4. HP: 30/35 MP: 4/4
  1455 | D:2      | Reached XP level 5. HP: 41/41 MP: 5/5
  1711 | D:3      | Reached skill level 5 in Axes
  1742 | D:3      | Noticed Brecoman's ghost (amateur FoAK)
  2433 | D:4      | Found a bloodstained altar of Trog.
  2433 | D:4      | Found an iron altar of Okawaru.
  2442 | D:4      | Reached XP level 6. HP: 28/47 MP: 6/6
  2452 | D:4      | Became a worshipper of Trog the Wrathful
  2459 | D:4      | Fell from the grace of Trog
  2459 | D:4      | Became a worshipper of Warmaster Okawaru
  2575 | D:4      | Reached skill level 6 in Axes
  2737 | D:4      | Found an ancient bone altar of Kikubaaqudgha.
  3184 | D:5      | Entered Level 5 of the Dungeon
  3302 | D:5      | Found a glowing silver altar of Zin.
  3315 | D:5      | Found a blossoming altar of Fedhas.
  3373 | D:5      | Found a deep blue altar of Sif Muna.
  3396 | D:5      | Found a hazy altar of Hepliaklqana.
  3460 | D:5      | Reached skill level 7 in Axes
  3460 | D:5      | Reached XP level 7. HP: 52/52 MP: 7/7
  3630 | D:5      | Found a staircase to the Ecumenical Temple.
  3717 | D:5      | Reached * piety under Okawaru
  3831 | D:5      | Paralysed by Trog for 3 turns
  4103 | D:6      | Reached skill level 8 in Axes
  4298 | D:6      | Found an ornate altar of the Wu Jian Council.
  4411 | D:6      | Reached XP level 8. HP: 24/58 MP: 8/8
  4649 | D:6      | Found a sand-covered staircase.
  4655 | Ossuary  | Entered an ossuary
  4774 | Ossuary  | Reached skill level 9 in Axes
  5825 | D:7      | Noticed Gargoyl's ghost (novice CeAK)
  5835 | D:6      | Reached ** piety under Okawaru
  5835 | D:6      | Reached skill level 10 in Axes
  5858 | D:6      | Incinerated by the fiery rage of Trog

Skill      XL: |  1  2  3  4  5  6  7  8 |
---------------+-------------------------+-----
Axes           | 3 4 5 7 8 10 | 10.1
Fighting       | |  3.2
Armour         | |  3.2
Shields        | |  3.6

Action                   |  1- 3 |  4- 6 |  7- 9 || total
-------------------------+-------+-------+-------++-------
Melee: War axe           |    77 |   229 |   293 ||   599
Invok: Heroism           |       |       |     3 ||     3
 Abil: Dig               |       |     2 |     1 ||     3
  Use: Scroll            |     1 |     4 |       ||     5
  Eat: Chunk             |       |     8 |     5 ||    13
       Ration            |       |       |     1 ||     1
Armor: Scale mail        |    49 |   122 |   122 ||   293
Dodge: Dodged            |    23 |    73 |    76 ||   172
Block: Shield            |    57 |   115 |   146 ||   318
